 Dungeon Crawl Stone Soup version 0.26.1-2-gb8aa6d0cf2 (webtiles) character file.

Game seed: 12167716677842477556

14578 Cykl0x the Carver (level 11, 0/95 HPs)
             Began as a Minotaur Fighter on Feb 17, 2021.
             Was an Elder of the Shining One.
             Slain by a deep elf mage
             ... wielding a +0 long sword
              (4 damage)
             ... on level 11 of the Dungeon.
             The game lasted 00:20:34 (11495 turns).

Cykl0x the Carver (Minotaur Fighter)               Turns: 11495, Time: 00:20:35

Health: 0/95       AC: 14    Str: 23    XL:     11   Next: 90%
Magic:  10/16      EV:  9    Int:  5    God:    the Shining One [****..]
Gold:   566        SH: 20    Dex: 11    Spells: 10/10 levels left

rFire    . . .     SeeInvis .   a - +4 scimitar
rCold    + + .     Faith    .   y - +2 tower shield
rNeg     + + .     Spirit   .   h - +0 plate armour {rC+}
rPois    .         Reflect  .   (helmet restricted)
rElec    .         Harm     .   (no cloak)
rCorr    .         Rampage  .   (no gloves)
Will     .....                  (no boots)
Stlth    ..........             r - amulet of magic regeneration
HPRegen  0.25/turn              B - +4 ring of evasion
MPRegen  0.40/turn              q - ring of protection from cold

@: mighty, lethally poisoned (0 -> -2), glowing
A: retaliatory headbutt, horns 2
a: Renounce Religion, Divine Shield, Cleansing Flame


You were on level 11 of the Dungeon.
You worshipped the Shining One.
The Shining One was greatly pleased with you.
You visited 2 branches of the dungeon, and saw 12 of its levels.

You collected 622 gold pieces.
You donated 56 gold pieces to Zin.

Inventory:

Hand Weapons
 a - a +4 scimitar (weapon)
 s - a +2 dagger of electrocution
Missiles
 f - 297 stones
 n - 14 curare-tipped darts
 t - 2 javelins
 u - 11 boomerangs (quivered)
Armour
 b - a +0 scale mail
 c - a +1 kite shield
 h - a +0 plate armour of cold resistance (worn)
 m - a +0 plate armour
 y - a +2 tower shield (worn)
Jewellery
 o - a +4 ring of protection
 q - a ring of protection from cold (right hand)
 r - an amulet of magic regeneration (around neck)
 B - a +4 ring of evasion (left hand)
Wands
 v - a wand of flame (28)
 C - a wand of enslavement (8)
 G - a wand of acid (8)
Scrolls
 e - 12 scrolls of teleportation
 p - a scroll of enchant armour
 x - 3 scrolls of remove curse
 E - 2 scrolls of identify
 F - 2 scrolls of enchant weapon
 H - a scroll of acquirement {unknown}
 I - a scroll of magic mapping {unknown}
Potions
 d - 2 potions of might
 g - 2 potions of curing
 i - a potion of invisibility {unknown}
 j - 2 potions of heal wounds {unknown}
 k - 2 potions of flight {unknown}
 l - 4 potions of attraction {unknown}
 w - a potion of berserk rage {unknown}
 z - a potion of resistance {unknown}
 A - a potion of ambrosia {unknown}
 D - 2 potions of haste


   Skills:
 + Level 8.6 Fighting
 + Level 11.7 Long Blades
 + Level 5.8 Throwing
 + Level 9.0 Armour
 + Level 2.7 Dodging
 - Level 1.0 Stealth
 + Level 11.2 Shields
 * Level 8.4 Invocations


You had 10 spell levels left.
You didn't know any spells.
Your spell library contained the following spells:

 Spells                   Type           Power        Failure   Level
 Sandblast                Erth           0%           100%        1
 Passwall                 Tmut/Erth      0%           100%        2
 Stone Arrow              Conj/Erth      0%           100%        3
 Petrify                  Tmut/Erth      0%           100%        4
 Lee's Rapid Deconstruct  Erth           0%           100%        5


Dungeon Overview and Level Annotations

Branches:
Dungeon (11/15)            Temple (1/1) D:5            Lair (0/6) D:10
    Orc: D:9-12

Altars:
Ashenzari
Cheibriados
Dithmenos
Elyvilon
Fedhas
Gozag
Hepliaklqana
Kikubaaqudgha
Makhleb
Nemelex Xobeh
Okawaru
Qazlal
Ru
Sif Muna
Trog
Uskayaw
Vehumet
Wu Jian
Xom
Yredelemnul
Zin
The Shining One

Shops:
D:2 *   D:5 }

Annotations:
D:5 1 runed translucent door


Innate Abilities, Weirdness & Mutations

You reflexively headbutt those who attack you in melee.
You have a pair of horns on your head.


Message History

The demonic crawler's corpse disappears in a puff of smoke!
The golden flame engulfs the demonic crawler!!!
The demonic crawler writhes in agony!
The demonic crawler is almost dead.
The golden flame engulfs the chaos spawn!!
The chaos spawn writhes in agony!
The chaos spawn is almost dead.
The deep elf mage mumbles some strange words.
The demonic crawler hits you.
* * * LOW HITPOINT WARNING * * *
You block the demonic crawler's attack. x2
Your life force feels restored.
You slash the deep elf mage!
The deep elf mage is almost dead.
You feel sick.
You block the demonic crawler's attack. x2
The demonic crawler completely misses you.
The hell rat bites you!
* * * LOW HITPOINT WARNING * * *
The deep elf mage hits you with a +0 long sword.
You die...

#..#
##......####..<
#..# ##.....#
#... ##)##
###...# #..†
#..# ##### #...
#..# #..) #..#
#... ##.# ##..
#.#### .##
#§r@s## .#
####e4# ## .#
######s###...#
.#
#.....er.....#.#
#..≈≈r≈≈≈≈....#
#.≈;≈≈≈≈≈≈≈..##
#.≈≈##>##≈≈..#
#.≈≈ ..$ ≈≈..#
#.≈ #.). ≈≈....


You could see a demonic crawler (summoned), 2 deep elf magi, a chaos spawn
(summoned), a jumping spider (summoned) and 2 hell rats.

Vanquished Creatures
  2 two-headed ogres
  2 unseen horrors (D:10)
  Pikel (D:9)
  7 deep elf magi (D:11)
  Joseph (D:7)
  Maurice (D:9)
  3 centaur zombies
  Maggie (D:9)
  2 trolls
  Sigmund (D:6)
  A wyvern (D:9)
  5 yaks (D:8)
  7 orc warriors
  A water moccasin (D:10)
  An ice beast (D:6)
  6 sky beasts
  7 ogres
  A phantom (D:6)
  3 centaurs
  A lemure (D:9)
  2 big kobolds (D:4)
  8 bullfrogs
  4 scorpions
  5 killer bees (D:9)
  18 wights
  A howler monkey (D:9)
  An electric eel (D:8)
  3 jellies
  2 bullfrog zombies
  A centaur skeleton (D:10)
  7 hounds
  2 quasits
  7 orc priests
  5 bullfrog skeletons
  4 iguanas
  9 worker ants
  15 orc wizards
  2 killer bee zombies (D:6)
  A hound skeleton (D:8)
  12 adders
  3 gnolls (D:6)
  2 shadow imps
  3 white imps (D:8)
  4 ufetubi
  10 oozes
  2 adder skeletons
  3 worms
  5 dart slugs
  7 leopard geckos
  54 orcs
  7 ball pythons
  6 bats
  11 giant cockroaches
  9 goblins
  9 hobgoblins
  4 jackals (D:4)
  2 quokkas
  2 frilled lizards (D:1)
  A jackal skeleton (D:8)
  19 kobolds
  A kobold skeleton (D:5)
  A quokka skeleton (D:5)
  A quokka zombie (D:6)
  2 rats (D:1)
331 creatures vanquished.

Vanquished Creatures (others)
  2 fungi (D:2)
  7 plants
  9 toadstools (D:2)
18 creatures vanquished.

Grand Total: 349 creatures vanquished

Notes
Turn   | Place    | Note
-------+----------+-------------------------------------------
     0 | D:1      | Cykl0x the Minotaur Fighter began the quest for the Orb.
     0 | D:1      | Reached XP level 1. HP: 19/19 MP: 0/0
    48 | D:1      | Reached XP level 2. HP: 21/27 MP: 1/1
   282 | D:1      | Reached XP level 3. HP: 33/33 MP: 2/2
   629 | D:2      | Found Zin's Purification Station.
   632 | D:2      | Found a glowing silver altar of Zin.
   638 | D:2      | Became a worshipper of Zin the Law-Giver
   809 | D:2      | Reached skill level 1 in Dodging
   811 | D:2      | Reached XP level 4. HP: 37/41 MP: 3/3
   826 | D:2      | Reached skill level 1 in Invocations
   826 | D:2      | Reached XP level 5. HP: 9/47 MP: 4/4
  1226 | D:2      | Reached * piety under Zin
  1891 | D:3      | Reached ** piety under Zin
  2280 | D:3      | Reached XP level 6. HP: 52/53 MP: 6/6
  2382 | D:4      | Found a snail-covered altar of Cheibriados.
  2415 | D:4      | Reached skill level 5 in Armour
  2738 | D:4      | Reached skill level 5 in Long Blades
  3117 | D:4      | Reached skill level 5 in Shields
  3212 | D:4      | Reached XP level 7. HP: 60/60 MP: 7/7
  3215 | D:4      | Reached *** piety under Zin
  3503 | D:4      | Reached skill level 5 in Fighting
  3543 | D:4      | Found a bloodstained altar of Trog.
  3552 | D:4      | Reached skill level 1 in Throwing
  3889 | D:4      | Found a basalt altar of Yredelemnul.
  3942 | D:5      | Entered Level 5 of the Dungeon
  4001 | D:5      | Noticed a human
  4002 | D:5      | Found a runed translucent door.
  4085 | D:5      | Found a basalt altar of Yredelemnul.
  4113 | D:5      | Found Okoon's Gadget Shoppe.
  4314 | D:5      | Found a sacrificial altar of Ru.
  4322 | D:5      | Reached XP level 8. HP: 68/68 MP: 9/9
  4384 | D:5      | Reached **** piety under Zin
  4559 | D:5      | Found a staircase to the Ecumenical Temple.
  4568 | Temple   | Entered the Ecumenical Temple
  5385 | D:6      | HP: 2/68 [orc wizard/puff of frost (9)]
  5797 | D:6      | Reached skill level 1 in Stealth
  5934 | D:6      | Noticed Sigmund
  5943 | D:6      | Killed Sigmund
  5944 | D:6      | Reached skill level 5 in Invocations
  5944 | D:6      | Reached XP level 9. HP: 75/75 MP: 11/11
  6794 | D:6      | Found a shimmering altar of Xom.
  6797 | D:6      | Reached ***** piety under Zin
  7234 | D:7      | Noticed Joseph
  7253 | D:7      | Killed Joseph
  7728 | D:7      | Reached XP level 10. HP: 61/84 MP: 13/13
  8730 | D:8      | Found a bloodstained altar of Trog.
  8927 | D:8      | Found a glowing golden altar of the Shining One.
  9003 | D:8      | Fell from the grace of Zin
  9003 | D:8      | Became a worshipper of the Shining One
  9003 | D:8      | Reached * piety under the Shining One
  9003 | D:8      | Reached ** piety under the Shining One
  9008 | D:8      | Reached *** piety under the Shining One
  9728 | D:9      | Noticed Maurice
  9728 | D:9      | Noticed Pikel
  9745 | D:9      | Killed Pikel
  9751 | D:9      | Killed Maurice
  9752 | D:9      | Reached skill level 10 in Long Blades
  9752 | D:9      | Reached skill level 10 in Shields
  9757 | D:9      | Noticed Maggie
  9771 | D:9      | Killed Maggie
 10069 | D:9      | Reached XP level 11. HP: 85/92 MP: 15/15
 10118 | D:9      | Found a blossoming altar of Fedhas.
 10276 | D:9      | Noticed a two-headed ogre
 10276 | D:9      | Reached **** piety under the Shining One
 10284 | D:9      | Killed a two-headed ogre
 10570 | D:9      | Reached skill level 5 in Throwing
 10696 | D:10     | Entered Level 10 of the Dungeon
 10799 | D:10     | Noticed an unseen horror
 10813 | D:10     | Killed an unseen horror
 11037 | D:10     | Found a shimmering altar of Xom.
 11053 | D:10     | Found a staircase to the Lair.
 11249 | D:10     | Noticed an unseen horror
 11256 | D:10     | Killed an unseen horror
 11413 | D:11     | Noticed a two-headed ogre
 11418 | D:11     | Killed a two-headed ogre
 11428 | D:11     | Noticed a deep elf mage
 11429 | D:11     | Noticed a deep elf mage
 11429 | D:11     | Noticed a deep elf mage
 11429 | D:11     | Noticed a deep elf mage
 11435 | D:11     | Killed a deep elf mage
 11437 | D:11     | Noticed a deep elf mage
 11437 | D:11     | Noticed a deep elf mage
 11440 | D:11     | Noticed a deep elf mage
 11443 | D:11     | Noticed a deep elf mage
 11453 | D:11     | Killed a deep elf mage
 11455 | D:11     | Killed a deep elf mage
 11456 | D:11     | Killed a deep elf mage
 11458 | D:11     | Noticed a deep elf mage
 11467 | D:11     | Killed a deep elf mage
 11485 | D:11     | Killed a deep elf mage
 11494 | D:11     | Killed a deep elf mage
 11495 | D:11     | HP: 4/95 [hell rat[a deep elf mage] (11)]
 11495 | D:11     | Slain by a deep elf mage

Illustrated notes

Levels and vault maps discovered:
D:1:      minmay_arrival_glassed_features, layout_rooms
D:2:      cheibrodos_fertilizer, layout_basic, zin_purify, serial_corexii_hall,
          corexii_hall_statues_x, corexii_hall_statues_x
D:3:      cheibrodos_helix_gallery, layout_basic, biasface_ghost_orc_armoury
D:4:      cheibrodos_thug_alley, layout_loops_ring,
          nicolae_overflow_crystal_walls, cheibriados_altar_1,
          nicolae_overflow_hidden_temple
D:5:      layout_gridville, minmay_temple_entry_tees, serial_shops,
          nicolae_shop_statue_plus, basic_altar, dk_yredelemnul_ordeal
D:6:      wander_river, layout_cave_pods, xom_confusion_cloud, uniq_sigmund
D:7:      layout_basic, uniq_joseph
D:8:      layout_rooms, tso_metal_star, nicolae_lava_and_water,
          trog_butcher_becter
D:9:      layout_long_grid, fedhas_altar_1, uniq_maggie, uniq_maurice,
          uniq_pikel
D:10:     layout_big_octagon, dpeg_oklobed_lair, serial_column_ruins,
          column_ruins_hut_water, column_ruins_hut, column_ruins_open_medium,
          column_ruins_grid_1, column_ruins_open_small, column_ruins_grid_2,
          column_ruins_columns_corner, basic_altar, minmay_misc_feat_alley
D:11:     layout_cave_pods, zombieorc1_lemuel, nicolae_benzene_ring,
          serial_park_tiny_pond, elves_outpost_lemuel, uniq_harold
Temple:   eino_temple_scatter_basement

Skill      XL: |  1  2  3  4  5  6  7  8  9 10 11 |
---------------+----------------------------------+-----
Shields        | 4 5 6 8 10 11 | 11.2
Armour         | 4 5 6 7 8 9 |  9.0
Fighting       | 4 5 6 7 8 |  8.6
Dodging        | 1 2 |  2.7
Long Blades    | 3 4 5 6 7 8 10 11 | 11.7
Invocations    | 1 2 3 5 6 7 8 |  8.4
Throwing       | 1 2 4 5 |  5.8
Stealth        | 1 |  1.0

Action                   |  1- 3 |  4- 6 |  7- 9 | 10-12 || total
-------------------------+-------+-------+-------+-------++-------
Melee: Long sword        |    61 |   153 |   278 |       ||   492
       Headbutt          |    12 |    22 |    65 |    62 ||   161
       Scimitar          |       |       |    39 |   354 ||   393
       Falchion          |       |       |     5 |       ||     5
Throw: Stone             |     8 |    22 |    10 |     6 ||    46
       Javelin           |       |       |    43 |    14 ||    57
       Dart              |       |       |     4 |     2 ||     6
       Boomerang         |       |       |    16 |    68 ||    84
Invok: Recite            |       |       |     1 |       ||     1
       Divine Shield     |       |       |       |     1 ||     1
       Cleansing Flame   |       |       |       |     4 ||     4
Evoke: Wand              |       |       |       |     3 ||     3
  Use: Scroll            |       |     9 |     2 |     2 ||    13
       Potion            |       |       |     3 |     3 ||     6
Armor: Scale mail        |    24 |    46 |    64 |       ||   134
       Plate armour      |       |       |    68 |   137 ||   205
Dodge: Dodged            |    19 |    36 |    99 |    55 ||   209
Block: Kite shield       |    35 |    83 |   102 |       ||   220
       Tower shield      |       |       |   142 |   379 ||   521
       Rpst.: Long sword |     4 |    15 |    32 |       ||    51
       Scimitar          |       |       |     1 |    17 ||    18
